 Dungeon Crawl Stone Soup version 0.22-a0-422-g9628fc8 (webtiles) character file.

126 Falco the Sneak (level 4, -2/23 HPs)
             Began as a Spriggan Assassin on May 19, 2018.
             Was an Initiate of Wu Jian.
             Slain by an orc priest
             ... wielding a +0 flail
              (3 damage)
             ... on level 4 of the Dungeon.
             The game lasted 00:13:21 (2918 turns).

Falco the Sneak (Spriggan Assassin)                 Turns: 2918, Time: 00:13:22

Health: -2/23      AC:  4    Str:  8    XL:     4   Next: 84%
Magic:  5/5        EV: 17    Int: 12    God:    Wu Jian [......]
Gold:   128        SH:  0    Dex: 17    Spells: 0/3 levels left

rFire    + . .     SeeInvis +   a - +2 dagger
rCold    . . .     Gourm    .   (shield restricted)
rNeg     . . .     Faith    .   c - +0 robe
rPois    .         Spirit   .   (helmet restricted)
rElec    .         Reflect  .   d - +1 cloak
rCorr    .         Harm     .   (gloves unavailable)
MR       .....                  (boots unavailable)
Stlth    ++++......             (no amulet)
HPRegen  0.07/turn              h - ring of protection from fire
MPRegen  0.09/turn              (no ring)

@: very quick
A: very small, unfitting armour, see invisible, herbivore, speed 3, slow
metabolism 2
a: Renounce Religion


You were on level 4 of the Dungeon.
You worshipped Wu Jian.
Wu Jian was noncommittal.
You were not hungry.

You visited 2 branches of the dungeon, and saw 7 of its levels.

You collected 128 gold pieces.

Inventory:

Hand Weapons
 a - a +2 dagger (weapon)
 b - a +0 blowgun
Missiles
 e - 6 poisoned needles
 f - a curare-tipped needle
 q - 2 tomahawks (quivered)
 r - 33 stones
Armour
 c - a +0 robe (worn)
 d - a +1 cloak (worn)
Jewellery
 h - a ring of protection from fire (left hand)
Scrolls
 i - a scroll of teleportation {unknown}
 k - a scroll of remove curse {unknown}
 n - a scroll of random uselessness {unknown}
 o - a scroll of fog {unknown}
Potions
 j - a potion of invisibility {unknown}
 l - a potion of curing {unknown}
 m - a potion of heal wounds {unknown}
 p - a potion of agility {unknown}
Comestibles
 g - 3 rations


   Skills:
 + Level 2.0 Fighting
 + Level 3.1 Short Blades
 + Level 2.8 Throwing
 + Level 2.1 Dodging
 + Level 7.7 Stealth


You couldn't memorise any spells.
You knew the following spells:

 Your Spells              Type           Power        Failure   Level  Hunger
a - Blink                 Tloc           N/A          45%         2    ###....
b - Magic Dart            Conj           #...         32%         1    ##.....

Your spell library contained the following spells:

 Spells                   Type           Power        Failure   Level  Hunger
 Conjure Flame            Conj/Fire      #.......     69%         3    ####...
 Slow                     Hex            #.......     45%         2    ###....
 Mephitic Cloud           Conj/Pois/Air  #.......     69%         3    ####...
 Call Imp                 Summ           #.......     45%         2    ###....


Dungeon Overview and Level Annotations

Branches:
Dungeon (6/15)             Temple (1/1) D:5

Altars:
Dithmenos
Elyvilon
Gozag
Hepliaklqana
Nemelex Xobeh
Okawaru
Qazlal
Ru
Sif Muna
Wu Jian
Xom
Yredelemnul
Zin
The Shining One

Annotations:
D:5 Falco's ghost, amateur SpAs


Innate Abilities, Weirdness & Mutations

You are very small and have problems with some larger weapons.
You are too small for most types of armour.
You have supernaturally acute eyesight. (SInv)
You are a herbivore.
You cover ground extremely quickly.
You need to consume almost no food.


Message History

An orc priest comes into view. It is wielding a flail.
You lunge at the orc priest.
You barely miss the orc priest.
The orc priest shouts!
The orc priest calls down the wrath of Beogh upon you.
Pain shoots through your body!
You hit the orc priest.
The orc priest is lightly wounded.
The orc priest hits you with a flail!
Ouch! That really hurt!
* * * LOW HITPOINT WARNING * * *
You hit the orc priest.
The orc priest is heavily wounded.
You hit the orc priest.
The orc priest is severely wounded.
The orc priest hits you with a flail.
* * * LOW HITPOINT WARNING * * *
You hit the orc priest.
The orc priest is severely wounded.
The orc priest hits you with a flail.
You die...

######## .## .....).#
.##. .#####.##.##.#
##### .#
#.##.##.#####...... .#
#..........@o...... .#
#.##..............#
.#####...###.#.#######.#
...<...#†....#.#
###.##...##.##.#####.
#.....###.#........#
#.##### #.#..#####..
##.# #.#..#####. #..#
##.#........#


You could see an orc priest.

Vanquished Creatures
  A hound (D:2)
  An orc wizard (D:4)
  A worker ant (D:4)
  A hound skeleton (D:5)
  An ooze (D:2)
  A dart slug (D:1)
  3 orcs (D:4)
  2 bats (D:1)
  2 giant cockroaches
  3 goblins
  2 hobgoblins (D:2)
  A quokka (D:3)
  A ball python (D:5)
  A frilled lizard (D:1)
  3 kobolds
  A quokka zombie (D:2)
  A rat (D:1)
26 creatures vanquished.

Notes
Turn   | Place    | Note
-------+----------+-------------------------------------------
     0 | D:1      | Falco the Spriggan Assassin began the quest for the Orb.
     0 | D:1      | Reached XP level 1. HP: 10/10 MP: 2/2
    92 | D:1      | Reached skill level 6 in Stealth
   192 | D:1      | Reached XP level 2. HP: 12/14 MP: 3/3
   315 | D:2      | Reached skill level 7 in Stealth
   315 | D:2      | Reached XP level 3. HP: 9/18 MP: 4/4
   616 | D:2      | Found a glowing silver altar of Zin.
   770 | D:3      | Learned a level 2 spell: Blink
   832 | D:4      | Reached XP level 4. HP: 23/23 MP: 5/5
  1083 | D:4      | Found a shadowy altar of Dithmenos.
  1142 | D:5      | Entered Level 5 of the Dungeon
  1473 | D:5      | Noticed Falco's ghost (amateur SpAs)
  1671 | D:5      | Learned a level 1 spell: Magic Dart
  1767 | D:6      | Noticed a phantom
  1771 | D:5      | Found a staircase to the Ecumenical Temple.
  1781 | Temple   | Entered the Ecumenical Temple
  2202 | Temple   | Became a worshipper of the Wu Jian Council
  2404 | D:5      | Noticed a phantom
  2534 | D:4      | HP: 1/23 [orc wizard/hand axe (8)]
  2917 | D:4      | HP: 1/23 [orc priest/flail (5)]
  2918 | D:4      | Slain by an orc priest

Vault maps used:
D:1:      sevenhm_arrival_forest_fort_large_2
D:2:      zin_academy, lightli_temple_of_fire, kiku_gazebo_garden_becter,
          serial_undead, serial_undead_f, serial_undead_a, serial_undead_a,
          serial_undead_d, hangedman_decor_lopped
D:4:      serial_shops, nicolae_shop_trees, grunt_dithmenos_smoke
D:5:      marbit_many_paths, minmay_temple_entry_grid, serial_shops,
          nicolae_shop_window_shopping, first_ration
D:6:      minitemple, serial_shops, nicolae_shop_temple_entry_statues_fountains,
          kennysheep_big_empty_room, nicolae_tso_carved_into_rock
Temple:   minmay_temple_forest_path

Skill      XL: |  1  2  3  4 |
---------------+-------------+-----
Stealth        | 6 7 |  7.7
Fighting       | 2 |  2.0
Dodging        | 2 |  2.1
Short Blades   | 3 |  3.1
Throwing       | |  2.8

Action                   |  1- 3 |  4- 6 || total
-------------------------+-------+-------++-------
Melee: Dagger            |    56 |    37 ||    93
 Fire: Blowgun           |    21 |    11 ||    32
Throw: Tomahawk          |       |     1 ||     1
Invok: Lunge             |       |     3 ||     3
  Use: Scroll            |       |     3 ||     3
 Stab: Sleeping          |     6 |     1 ||     7
Armor: Robe              |     9 |       ||     9
Dodge: Dodged            |    42 |    14 ||    56

Table legend:
 A = Spawn XP
 B = Non-spawn XP
 C = Spawn XP percentage of total XP
 D = Spawn monster count
 E = Non-spawn monster count
 F = Spawn count percentage of total count
 G = Total turns spent on level
                    A         B        C        D         E        F      G
               +---------+---------+-------+---------+---------+-------+---------
         Total |       0 |     181 |   0.0 |       0 |      26 |   0.0 |  2918
               +---------+---------+-------+---------+---------+-------+---------
           D:1 |       0 |      18 |   0.0 |       0 |      10 |   0.0 |   248
           D:2 |       0 |      57 |   0.0 |       0 |       6 |   0.0 |   446
           D:3 |       0 |       4 |   0.0 |       0 |       2 |   0.0 |   105
           D:4 |       0 |      80 |   0.0 |       0 |       5 |   0.0 |   745
           D:5 |       0 |      22 |   0.0 |       0 |       3 |   0.0 |   743
               +---------+---------+-------+---------+---------+-------+---------
